 Dungeon Crawl Stone Soup version 0.20-a0-809-gaf7f668 (webtiles) character file.

409352 GlassEater the Hoplite (level 22, -20/319 HPs)
             Began as a Minotaur Fighter on Mar 2, 2017.
             Was a High Priest of Qazlal.
             Killed from afar by a Tzitzimitl (37 damage)
             ... with a bolt of cold
             ... summoned by a deep elf demonologist
             ... on level 5 of the Vaults on Mar 3, 2017.
             The game lasted 03:01:29 (49689 turns).

GlassEater the Hoplite (Minotaur Fighter)          Turns: 49689, Time: 03:01:30

Health: -20/319    AC: 30    Str: 26    XL:     22   Next: 43%
Magic:  3/42       EV: 20    Int:  4    God:    Qazlal [*****.]
Gold:   1004       SH: 34    Dex: 31    Spells: 21/21 levels left

rFire    + + +     SeeInvis +   a - +9 eveningstar (chaos)
rCold    . . .     Gourm    .   y - +3 chain mail "Yxkar" {-Tele rF+++ MR+ Str-5 Dex+4}
rNeg     + + +     Faith    .   B - +0 large shield
rPois    +         Spirit   .   k - +2 hat {MR+}
rElec    +         Reflect  .   p - +2 ratskin cloak {+Rats rPois rN+ Str-1 Int-1 Dex+1}
rCorr    .         Harm     .   S - +2 pair of gloves
MR       +++++     Clarity  +   G - +2 pair of boots Stlth ..........NoTele +
                                V - amulet of the Four Winds {rN+ MR+++ Clar}
Regen    1.1/turn               K - ring of the Pariah {rElec Str+3 SInv Stlth+}
MPRegen  0.3/turn               J - ring of the Jackalope {rF+ rN+ MR- MP+9 Dex+9}

@: mighty, berserking, protected from electricity, repel missiles, very quick
A: retaliatory headbutt, beak, horns 2, magic resistance 1, regeneration 1,
teleportitis 1
}: 2/15 runes: serpentine, barnacled
a: Upheaval, Elemental Force, Disaster Area, Renounce Religion


You were on level 5 of the Vaults.
You worshipped Qazlal.
Qazlal was extremely pleased with you.
You were not hungry.

You visited 9 branches of the dungeon, and saw 41 of its levels.
You visited 2 bazaars.
You also visited: Labyrinth.

You collected 4495 gold pieces.
You spent 3491 gold pieces at shops.

Inventory:

Hand Weapons
 a - a +9 eveningstar of chaos (weapon)
Armour
 k - a +2 hat of magic resistance (worn)
 p - the +2 ratskin cloak (worn) {+Rats rPois rN+ Str-1 Int-1 Dex+1}
   (You acquired it on level 3 of the Elven Halls)

   It affects your strength (-1).
   It affects your intelligence (-1).
   It affects your dexterity (+1).
   It protects you from poison.
   It protects you from negative energy.
 y - the +3 chain mail "Yxkar" (worn) {-Tele rF+++ MR+ Str-5 Dex+4}
   (You found it on level 3 of the Elven Halls)

   It affects your strength (-5).
   It affects your dexterity (+4).
   It renders you almost immune to fire.
   It affects your resistance to hostile enchantments.
   It prevents most forms of teleportation.
 B - a +0 large shield (worn)
 G - a +2 pair of boots (worn)
 S - a +2 pair of gloves (worn)
Jewellery
 b - an uncursed ring of resist corrosion
 I - the ring "Hosenar" {Ice Str+4}
   (You found it on level 12 of the Dungeon)

   [ring of ice]

   It enhances your ice magic.
   It affects your strength (+4).
   It makes you vulnerable to fire.
   It protects you from cold.
 J - the ring of the Jackalope (left hand) {rF+ rN+ MR- MP+9 Dex+9}
   (You took it off a minotaur in a labyrinth)

   [ring of magical power]

   It affects your dexterity (+9).
   It protects you from fire.
   It protects you from negative energy.
   It affects your resistance to hostile enchantments.
   It affects your magic capacity (+9).
 K - the ring of the Pariah (right hand) {rElec Str+3 SInv Stlth+}
   (You took it off a merfolk on level 4 of the Shoals)

   [ring of see invisible]

   It affects your strength (+3).
   It insulates you from electricity.
   It lets you see invisible.
   It makes you more stealthy.
 V - the amulet of the Four Winds (around neck) {rN+ MR+++ Clar}
   (You found it on level 6 of the Lair of Beasts)

   [amulet of nothing]

   It protects you from negative energy.
   It affects your resistance to hostile enchantments.
   It protects you against confusion.
Scrolls
 c - a scroll of holy word
 g - 13 scrolls of magic mapping
 h - 10 scrolls of remove curse
 j - a scroll of silence
 o - 12 scrolls of teleportation
 s - 4 scrolls of fog
 w - 3 scrolls of blinking
 F - 2 scrolls of enchant weapon
 H - 7 scrolls of enchant armour
 M - 6 scrolls of identify
Potions
 e - 7 potions of might
 l - 22 potions of curing
 m - 4 potions of brilliance
 q - 6 potions of magic
 r - a potion of cancellation
 u - 3 potions of agility
 v - 2 potions of berserk rage
 A - 4 potions of mutation
 C - 3 potions of flight
 R - 8 potions of haste
Comestibles
 d - a chunk of flesh
 f - 17 bread rations
 t - 11 royal jellies
 x - 21 meat rations
 z - 19 fruits


   Skills:
 + Level 21.6 Fighting
 - Level 16.0 Maces & Flails
 + Level 17.0 Armour
 + Level 11.6 Dodging
 - Level 25.0 Shields
 * Level 17.5 Invocations


You had 21 spell levels left.
You didn't know any spells.

Dungeon Overview and Level Annotations

Branches:
Dungeon (15/15)            Temple (1/1) D:6            Lair (6/6) D:8
 Shoals (4/4) Lair:2        Snake (4/4) Lair:4        Slime (0/5) Lair:6
    Orc (2/2) D:10            Elf (3/3) Orc:2        Vaults (5/5) D:14
  Crypt (0/3) Vaults:2     Depths (0/5) D:15           Hell (1/1)
    Dis: Hell:1         Geh: Hell:1         Coc: Hell:1         Tar: Hell:1

Altars:
Ashenzari
Cheibriados
Dithmenos
Elyvilon
Fedhas
Gozag
Hepliaklqana
Kikubaaqudgha
Makhleb
Nemelex Xobeh
Okawaru
Qazlal
Ru
Sif Muna
Trog
Uskayaw
Vehumet
Wu Jian
Xom
Yredelemnul
Zin
The Shining One
Jiyva

Shops:
D:6 !   D:7 :   D:14 [   D:15 [   Orc:1 ![*   Orc:2 !:}:   Elf:1 *[(*
Shoals:3 :   Snake:1 *!*   Vaults:3 =

Portals:
Hell: Lair:6

Annotations:
Hell Geryon, Murray
Abyss:1 Bai Suzhen


Innate Abilities, Weirdness & Mutations

You reflexively headbutt those who attack you in melee.
You have a pair of horns on your head.
You have a beak for a mouth.
You are resistant to hostile enchantments. (MR+)
Your natural rate of healing is unusually fast.
You are occasionally teleported next to monsters.


Message History

You block the titan's attack.
The frost giant is engulfed in blazing flames.
The frost giant howls in fear.
Your ogre mage hits the storm dragon with a whip!
Unknown command.
Okay, then.
Remove which piece of jewellery? (? for menu, Esc to quit)
Okay, then.
Unknown command.
A red film seems to cover your vision as you go berserk!
You feel yourself moving faster!
You feel mighty!
The storm dragon closely misses your ogre mage.
The storm dragon claws your ogre mage.
The storm dragon tramples your ogre mage!
Your ogre mage holds its ground!
Your ogre mage dies!
Your ogre mage's corpse dissolves into shadows!
The Tzitzimitl gestures at you. The bolt of cold hits you!
You die...

##p..#....# #C#
)....#.)..##C#
....N.)[.).D#
#####[)..)...######
.....()p§§).)§.....
...[.[)§§§<§.......
.≈).p.§§e§§D§......
.≈)..))§§9XC.......
#####).C=3C@)#####
..))[C)e§§.......
#.2(#[21§#W.)....
.[)2)#..4.#[)#cD##
#†.#.#....#..# p..
.#) #....#.p# ..
#....#..# . #....
..#


You could see a shadow dragon (fleeing), a tentacled monstrosity, an ironheart
preserver (fleeing), 2 titans, a storm dragon (unaware), a Tzitzimitl, a frost
giant (fleeing), a fire giant (fleeing), an ice dragon, a yaktaur captain
(fleeing), a balrug, an ettin, a blizzard demon, a deep elf demonologist
(fleeing), a war gargoyle, a vault sentinel (fleeing), a deep elf knight
(fleeing), a phantasmal warrior, a rust devil and a sixfirhy.

Vanquished Creatures
  Mara (Shoals:4)
  Vashnia (Snake:3)
  Jorgrun (Elf:2)
  2 tentacled monstrosities
  2 deep elf blademasters (Elf:3)
  Asterion (Snake:3)
  A deep elf master archer (Elf:3)
  A titan (Vaults:1)
  A kraken (Shoals:3)
  Donald (Shoals:3)
  A shadow dragon (Vaults:5)
  3 tengu reavers (Vaults:5)
  Ilsuiw (Shoals:4)
  4 storm dragons
  10 nagarajas
  4 fire giants
  Roxanne (Elf:3)
  10 deep elf sorcerers
  Louise (Snake:2)
  Aizul (Elf:2)
  9 vault wardens
  3 frost giants
  The ghost of
  100101001 the Eclecticist, an adept DEEE of Vehumet (Elf:1)
  10 ironheart preservers
  A reaper (Lair:6)
  The ghost of SteelNeuron the Sharpshooter, a journeyman KoHu of Wu Jian (Snake:1)
  5 deep elf elementalists
  2 stone giants
  A war gargoyle (Vaults:2)
  4 entropy weavers
  Azrael (Orc:2)
  8 deep elf demonologists
  8 deep elf annihilators
  Snorg (D:10)
  5 merfolk javelineers
  2 fire dragons
  7 deep elf death magi
  3 deep elf high priests
  4 ettins
  A crystal guardian (Vaults:4)
  11 merfolk impalers
  Josephine (D:14)
  A minotaur (Lab)
  2 great orbs of eyes
  6 yaktaur captains
  15 hydras
  29 vault guards
  3 ice dragons
  2 anacondas (Snake:1)
  13 naga warriors
  2 merfolk avatars
  Fannar (D:10)
  6 death knights
  An alligator snapping turtle (Elf:3)
  5 merfolk aquamancers
  A catoblepas (Vaults:1)
  5 centaur warriors
  27 two-headed ogres
  2 satyrs
  25 dancing weapons
  6 ogre magi
  2 deep troll shamans
  18 naga sharpshooters
  3 tengu warriors
  9 shock serpents
  A hell knight (D:15)
  A soul eater (Lair:6)
  2 shadow wraiths
  Nergalle (D:11)
  24 deep elf knights
  4 salamander mystics
  2 skeletal warriors (Vaults:3)
  15 sea snakes
  A sixfirhy (Lair:6)
  A storm dragon skeleton (Vaults:1)
  An unseen horror (Vaults:1)
  2 small abominations (Elf:3)
  A death drake (shapeshifter) (Snake:3)
  8 deep trolls
  2 flayed ghosts
  18 deep elf archers
  8 wizards
  2 naga ritualists
  3 phantasmal warriors (D:15)
  2 glowing orange brains (Vaults:2)
  A lindwurm (shapeshifter) (D:15)
  12 harpies
  12 ironbrand convokers
  12 orc knights
  78 deep elf magi
  4 wolf spiders
  An orc sorcerer (Orc:2)
  A tengu zombie (Vaults:4)
  A mana viper (shapeshifter) (Vaults:3)
  3 mana vipers
  13 manticores
  A frost giant zombie (Vaults:4)
  A cyclops (shapeshifter) (Elf:3)
  4 necromancers
  19 fauns
  2 stone giant zombies
  22 ugly things
  6 slime creatures
  11 cyclopes
  9 salamanders
  2 guardian serpents
  An oklob plant (Lair:6)
  An eye of devastation (shapeshifter) (D:13)
  10 merfolk sirens
  2 guardian serpents (shapeshifter)
  16 elephants
  24 black mambas
  19 naga magi
  A water nymph (shapeshifter) (Snake:4)
  Joseph (D:10)
  2 water nymphs
  9 vault sentinels
  3 orange demons (Lair:6)
  2 spiny frogs (shapeshifter)
  A smoke demon (Lair:6)
  A kobold demonologist (D:15)
  13 spiny frogs
  2 gargoyles (D:12)
  5 rime drakes
  26 yaktaurs
  2 human zombies
  8 freezing wraiths
  2 red devils (Lair:6)
  10 komodo dragons
  2 human skeletons (Vaults:1)
  4 tengu conjurers
  A polar bear (Lair:5)
  4 trolls
  3 meliai (D:15)
  5 wind drakes
  13 blink frogs
  4 hornets
  29 merfolk
  A polar bear (shapeshifter) (Vaults:1)
  A sphinx simulacrum (Vaults:4)
  18 dream sheep
  A hippogriff (shapeshifter) (Elf:1)
  A stone giant simulacrum (Vaults:2)
  18 hippogriffs
  A shadow (D:12)
  7 snapping turtles
  2 vampires
  6 air elementals
  A wyvern (D:14)
  3 tarantellas
  A tarantella (shapeshifter) (Vaults:1)
  58 yaks
  11 water elementals
  7 wraiths
  3 redbacks (Vaults:3)
  A yak (shapeshifter) (Vaults:3)
  2 hogs (D:8)
  Eustachio (D:4)
  Sigmund (D:4)
  11 basilisks
  3 fire elementals
  A hog (shapeshifter) (Vaults:3)
  2 basilisks (shapeshifter) (Vaults:3)
  A human (D:8)
  A golden eye (shapeshifter) (Snake:1)
  A steam dragon (shapeshifter) (Vaults:3)
  Grum (Lair:1)
  2 hungry ghosts (D:10)
  A steam dragon (D:9)
  Edmund (D:6)
  9 swamp worms
  A two-headed ogre zombie (D:10)
  6 wargs
  3 acid dragons
  6 hell hounds
  A deep troll zombie (Vaults:4)
  58 nagas
  35 water moccasins
  An ogre skeleton (Vaults:1)
  Duvessa (D:6)
  An acid dragon (shapeshifter) (Vaults:1)
  9 porcupines
  A floating eye (shapeshifter) (Vaults:1)
  44 orc warriors
  19 ice beasts
  A black bear (D:6)
  2 sky beasts
  2 boggarts
  A necrophage (D:14)
  A phantom (D:13)
  8 wolves
  19 ogres
  31 centaurs
  13 crocodiles
  2 big kobolds
  20 bullfrogs
  2 gnoll sergeants
  3 earth elementals
  An ogre simulacrum (Vaults:1)
  A yaktaur skeleton (Vaults:1)
  Dowan (D:6)
  2 troll zombies (D:10)
  2 scorpions
  A human simulacrum (Vaults:4)
  24 wights
  3 howler monkeys
  An electric eel (Lair:6)
  9 crimson imps
  2 bullfrog zombies
  4 centaur zombies
  6 jellies
  A quasit (D:9)
  6 centaur skeletons
  3 hounds
  21 orc priests
  A bullfrog skeleton (D:12)
  36 orc wizards
  Natasha (D:4)
  14 iguanas
  4 hell rats (Lair:5)
  11 worker ants
  A killer bee zombie (D:9)
  6 ogre zombies
  A hound skeleton (D:4)
  A worker ant zombie (D:7)
  Robin (D:4)
  18 adders
  7 gnolls
  2 howler monkey skeletons (D:9)
  7 shadow imps
  5 oozes
  2 adder skeletons
  16 worms
  4 dart slugs
  4 leopard geckos
  120 orcs
  4 ball pythons
  7 giant cockroaches
  17 goblins
  12 hobgoblins
  7 jackals
  4 quokkas
  A bat (shapeshifter) (Elf:2)
  10 bats
  3 frilled lizards
  A goblin skeleton (D:10)
  9 goblin zombies (D:10)
  3 hobgoblin zombies (D:10)
  A jackal skeleton (D:4)
  23 kobolds
  A leopard gecko skeleton (D:4)
  A leopard gecko zombie (D:5)
  3 orc skeletons
  10 orc zombies (D:10)
  A quokka zombie (D:4)
  7 rats
  8 crawling corpses (Vaults:5)
  8 plants
1822 creatures vanquished.

Vanquished Creatures (collateral kills)
  A deep elf sorcerer (Vaults:5)
  An orc warrior (Vaults:5)
2 creatures vanquished.

Vanquished Creatures (others)
  A sphinx (Vaults:4)
  A vault guard (Vaults:4)
  An ogre mage (Vaults:3)
  A naga sharpshooter (Snake:4)
  4 deep elf knights
  4 deep elf magi (Elf:3)
  A fire elemental (Orc:2)
  2 nagas
  An orc wizard (Orc:2)
  A crawling corpse (Vaults:5)
  7 fungi
  35 plants
  8 tentacles (Shoals:3)
67 creatures vanquished.

Grand Total: 1891 creatures vanquished

Notes
Turn   | Place    | Note
-------+----------+-------------------------------------------
     0 | D:1      | GlassEater the Minotaur Fighter began the quest for the Orb.
     0 | D:1      | Reached XP level 1. HP: 19/19 MP: 0/0
   159 | D:1      | Reached XP level 2. HP: 27/27 MP: 1/1
   679 | D:1      | Reached skill level 4 in Shields
   780 | D:2      | Reached XP level 3. HP: 33/33 MP: 2/2
   917 | D:2      | Found a shadowy altar of Dithmenos.
  1354 | D:2      | Reached XP level 4. HP: 38/40 MP: 3/3
  1938 | D:3      | Reached skill level 5 in Maces & Flails
  2025 | D:3      | Reached XP level 5. HP: 30/46 MP: 4/4
  3061 | D:3      | Reached XP level 6. HP: 52/53 MP: 5/5
  3399 | D:4      | Noticed Robin
  3427 | D:4      | Killed Robin
  3595 | D:4      | Noticed Sigmund
  3603 | D:4      | Killed Sigmund
  3603 | D:4      | Reached skill level 5 in Armour
  3603 | D:4      | Reached XP level 7. HP: 60/60 MP: 6/6
  3648 | D:4      | Noticed Eustachio
  3663 | D:4      | Killed Eustachio
  3663 | D:4      | Reached skill level 5 in Fighting
  3750 | D:4      | Noticed Natasha
  3754 | D:4      | Killed Natasha
  3754 | D:4      | Reached skill level 5 in Shields
  3850 | D:4      | Found a bloodstained altar of Trog.
  3995 | D:5      | Entered Level 5 of the Dungeon
  4416 | D:5      | Reached XP level 8. HP: 68/68 MP: 7/7
  4658 | D:6      | Noticed Edmund
  4690 | D:6      | Gained mutation: Your magical capacity is low. (-10% MP) [potion of mutation]
  4690 | D:6      | Gained mutation: You are resistant to hostile enchantments. (MR+) [potion of mutation]
  4709 | D:6      | Killed Edmund
  5065 | D:6      | Found Geimov's Distillery.
  5069 | D:6      | Bought a potion of berserk rage for 65 gold pieces
  5069 | D:6      | Bought a potion of heal wounds for 65 gold pieces
  5069 | D:6      | Bought a potion of curing for 39 gold pieces
  5069 | D:6      | Bought a potion of curing for 39 gold pieces
  5069 | D:6      | Bought a potion of curing for 39 gold pieces
  5160 | D:6      | Found a staircase to the Ecumenical Temple.
  5186 | Temple   | Entered the Ecumenical Temple
  5440 | D:6      | HP: 1/70 [orc priest/divine providence (12)]
  5444 | D:6      | Reached skill level 10 in Maces & Flails
  5821 | D:6      | Reached skill level 6 in Shields
  5842 | D:6      | Noticed Duvessa
  5842 | D:6      | Noticed Dowan
  5867 | D:6      | Killed Duvessa
  5871 | D:6      | Killed Dowan
  6128 | D:6      | Reached XP level 9. HP: 60/75 MP: 7/7
  7005 | D:7      | Reached skill level 7 in Shields
  7156 | D:7      | Found a glowing golden altar of the Shining One.
  7156 | D:7      | Found a sparkling altar of Nemelex Xobeh.
  7156 | D:7      | Found a stormy altar of Qazlal.
  7156 | D:7      | Found a snail-covered altar of Cheibriados.
  7156 | D:7      | Found a hazy altar of Hepliaklqana.
  7158 | D:7      | Found a burning altar of Makhleb.
  7158 | D:7      | Found a radiant altar of Vehumet.
  7253 | D:7      | Became a worshipper of Qazlal Stormbringer
  7465 | D:7      | Reached skill level 1 in Invocations
  7548 | D:7      | Found Omuapo Dibef's Book Boutique.
  7799 | D:8      | Reached XP level 10. HP: 36/86 MP: 9/9
  8333 | D:8      | Found a shattered altar of Ashenzari.
  8334 | D:8      | Found a basalt altar of Yredelemnul.
  8432 | D:8      | Reached * piety under Qazlal
  8434 | D:8      | Found an ornate altar of the Wu Jian Council.
  8465 | D:8      | Reached skill level 8 in Shields
  9159 | D:8      | Reached skill level 1 in Dodging
  9167 | D:8      | Found a staircase to the Lair.
  9327 | D:9      | Noticed a two-headed ogre
  9339 | D:9      | Killed a two-headed ogre
  9339 | D:9      | Reached skill level 9 in Shields
  9463 | D:9      | Reached ** piety under Qazlal
  9879 | D:9      | Noticed a two-headed ogre
  9900 | D:9      | Killed a two-headed ogre
  9900 | D:9      | Reached skill level 10 in Armour
  9900 | D:9      | Reached XP level 11. HP: 86/95 MP: 12/12
 10084 | D:9      | Reached skill level 10 in Shields
 10152 | D:9      | Reached skill level 5 in Invocations
 10785 | D:10     | Entered Level 10 of the Dungeon
 10813 | D:10     | Noticed Joseph
 10832 | D:10     | Killed Joseph
 10852 | D:10     | Noticed Snorg
 10886 | D:10     | Killed Snorg
 11154 | D:10     | Noticed Fannar
 11206 | D:10     | Killed Fannar
 11375 | D:10     | Found an opulent altar of Gozag.
 11507 | D:10     | Reached skill level 11 in Shields
 11588 | D:10     | Reached *** piety under Qazlal
 11681 | D:10     | Found a staircase to the Orcish Mines.
 11767 | D:10     | Noticed a two-headed ogre
 11783 | D:10     | Killed a two-headed ogre
 12031 | D:10     | Reached **** piety under Qazlal
 12062 | D:10     | Reached skill level 10 in Fighting
 12478 | D:11     | Reached XP level 12. HP: 106/106 MP: 14/14
 12541 | D:11     | Noticed Nergalle
 12570 | D:11     | Killed Nergalle
 12570 | D:11     | Reached skill level 12 in Shields
 12609 | D:11     | Paralysed by a hornet for 1 turns
 13541 | D:12     | Noticed an eight-headed hydra
 13551 | D:12     | Killed an eight-headed hydra
 13746 | D:12     | Reached ***** piety under Qazlal
 14119 | D:12     | Reached skill level 13 in Shields
 14150 | D:12     | Noticed a two-headed ogre
 14162 | D:12     | Killed a two-headed ogre
 14827 | D:12     | Noticed a two-headed ogre
 14839 | D:12     | Killed a two-headed ogre
 14846 | D:12     | Got a shimmering lead ring
 14847 | D:12     | Identified the ring "Hosenar" {Ice Str+4} (You found it on level 12 of the Dungeon)
 14915 | D:13     | Noticed a centaur warrior
 14928 | D:13     | Killed a centaur warrior
 15094 | D:13     | Noticed a centaur warrior
 15103 | D:13     | Killed a centaur warrior
 15250 | D:13     | Reached XP level 13. HP: 100/116 MP: 16/16
 15954 | D:13     | HP: 5/116 [very large slime creature (35)]
 16388 | D:14     | Noticed Josephine
 16422 | D:14     | Killed Josephine
 16422 | D:14     | Reached skill level 14 in Shields
 16910 | D:14     | Found Waigoir's Antique Armour Emporium.
 17488 | Lair:1   | Entered Level 1 of the Lair of Beasts
 17806 | Lair:1   | Reached skill level 15 in Shields
 17817 | Lair:1   | Noticed Grum
 17834 | Lair:1   | Killed Grum
 18924 | Lair:2   | Found a staircase to the Shoals.
 19353 | Lair:3   | Reached XP level 14. HP: 71/126 MP: 18/18
 19963 | Lair:3   | Reached ****** piety under Qazlal
 19963 | Lair:3   | Reached skill level 16 in Shields
 20534 | Lair:3   | Lost mutation: You are resistant to hostile enchantments. (MR+) [potion of mutation]
 20534 | Lair:3   | Gained mutation: You are occasionally teleported next to monsters. [potion of mutation]
 20534 | Lair:3   | Gained mutation: You are partially covered in yellow scales. (AC +2) [potion of mutation]
 20535 | Lair:3   | Lost mutation: Your magical capacity is low. (-10% MP) [potion of mutation]
 20535 | Lair:3   | Gained mutation: You are frail. (-10% HP) [potion of mutation]
 20535 | Lair:3   | Gained mutation: You expend magic power (3 MP) to strengthen your wands. [potion of mutation]
 20535 | Lair:3   | Gained mutation: Your movements are slightly less encumbered by armour. (ER -2) [potion of mutation]
 20536 | Lair:3   | Lost mutation: You expend magic power (3 MP) to strengthen your wands. [potion of mutation]
 20536 | Lair:3   | Lost mutation: Your movements are slightly less encumbered by armour. (ER -2) [potion of mutation]
 20536 | Lair:3   | Lost mutation: You are frail. (-10% HP) [potion of mutation]
 20536 | Lair:3   | Gained mutation: Armour fits poorly on your strangely shaped body. [potion of mutation]
 20536 | Lair:3   | Gained mutation: You have a pair of large horns on your head. [potion of mutation]
 20536 | Lair:3   | Gained mutation: Your system is resistant to poisons. (rPois) [potion of mutation]
 20536 | Lair:3   | Gained mutation: Your flesh is heat resistant. (rF+) [potion of mutation]
 20598 | Lair:4   | Reached skill level 10 in Invocations
 20691 | Lair:4   | Found a staircase to the Snake Pit.
 21858 | Lair:5   | Reached skill level 5 in Dodging
 21898 | Lair:5   | Reached skill level 17 in Shields
 22765 | Lair:6   | Entered Level 6 of the Lair of Beasts
 22769 | Lair:6   | Found a runed door.
 23478 | Lair:6   | Reached XP level 15. HP: 120/134 MP: 17/22
 23495 | Lair:6   | Reached skill level 18 in Shields
 24002 | Lair:6   | Found a viscous altar of Jiyva.
 24020 | Lair:6   | Found a staircase to the Slime Pits.
 24734 | Lair:6   | Got a jewelled chain mail
 24745 | Lair:6   | Identified the cursed +1 chain mail of the Beginning {+Blink Str+4 Dex+3 Stlth-} (You took it off a red devil on level 6 of the Lair of Beasts)
 24844 | Lair:6   | Got a vibrating steel amulet
 24926 | Lair:6   | Found a burning altar of Makhleb.
 24932 | Lair:6   | Found a gateway to Hell.
 24945 | Lair:6   | Identified the amulet "Guniga" {Spirit MR+} (You took it off a red devil on level 6 of the Lair of Beasts)
 24949 | Hell     | Entered the Vestibule of Hell
 24949 | Hell     | Noticed Geryon
 25079 | Hell     | Noticed Murray
 25381 | Orc:1    | Entered Level 1 of the Orcish Mines
 25455 | Orc:1    | Found Miakh's Distillery.
 25535 | Orc:1    | Bought a potion of curing for 42 gold pieces
 25535 | Orc:1    | Bought a potion of heal wounds for 70 gold pieces
 25535 | Orc:1    | Bought a potion of curing for 42 gold pieces
 25535 | Orc:1    | Bought a potion of curing for 42 gold pieces
 25535 | Orc:1    | Bought a potion of curing for 42 gold pieces
 25535 | Orc:1    | Bought a potion of berserk rage for 70 gold pieces
 25666 | Orc:1    | Found Cereihec's Armour Shop.
 25710 | Orc:1    | Found Osipuyggo's General Store.
 25726 | Orc:1    | Bought a scroll of identify for 24 gold pieces
 26142 | Orc:1    | Bought a +2 pair of gloves for 198 gold pieces
 26142 | Orc:1    | Bought a +2 pair of boots for 198 gold pieces
 26180 | Orc:2    | Entered Level 2 of the Orcish Mines
 26180 | Orc:2    | Found a labyrinth entrance.
 26205 | Orc:2    | Noticed Azrael
 26247 | Orc:2    | Killed Azrael
 26374 | Lab      | Entered a labyrinth
 26696 | Lab      | Got a clouded glass ring
 26787 | Orc:2    | Found a staircase to the Elven Halls.
 27137 | Orc:2    | Identified the ring of the Jackalope {rF+ rN+ MR- MP+9 Dex+9} (You took it off a minotaur in a labyrinth)
 27340 | Orc:2    | Found Qonixip's Gadget Boutique.
 27340 | Orc:2    | Found Diolloha's Book Shoppe.
 27342 | Orc:2    | Found Paunusoe's Distillery.
 27344 | Orc:2    | Found Cealuuho's Book Shop.
 27351 | Orc:2    | Bought a potion of curing for 42 gold pieces
 27351 | Orc:2    | Bought a potion of curing for 42 gold pieces
 27351 | Orc:2    | Bought 3 potions of heal wounds for 210 gold pieces
 27351 | Orc:2    | Bought a potion of curing for 42 gold pieces
 27351 | Orc:2    | Bought a potion of curing for 42 gold pieces
 27351 | Orc:2    | Bought a potion of heal wounds for 70 gold pieces
 27351 | Orc:2    | Bought a potion of mutation for 112 gold pieces
 27351 | Orc:2    | Bought a potion of mutation for 112 gold pieces
 27351 | Orc:2    | Lost mutation: You have a pair of large horns on your head. [potion of mutation]
 27351 | Orc:2    | Lost mutation: Armour fits poorly on your strangely shaped body. [potion of mutation]
 27351 | Orc:2    | Lost mutation: You are partially covered in yellow scales. (AC +2) [potion of mutation]
 27351 | Orc:2    | Lost mutation: Your flesh is heat resistant. (rF+) [potion of mutation]
 27351 | Orc:2    | Lost mutation: You are occasionally teleported next to monsters. [potion of mutation]
 27351 | Orc:2    | Gained mutation: You have sharp toenails. [potion of mutation]
 27351 | Orc:2    | Gained mutation: You are agile. (Dex +2) [potion of mutation]
 27848 | Shoals:1 | Entered Level 1 of the Shoals
 27939 | Shoals:1 | Reached skill level 19 in Shields
 29325 | Elf:1    | Entered Level 1 of the Elven Halls
 29337 | Elf:1    | Reached XP level 16. HP: 112/145 MP: 24/24
 29813 | Elf:1    | Found Qemu's Antique Weapon Emporium.
 29831 | Elf:1    | Found Pyopn's Antique Armour Boutique.
 29834 | Elf:1    | Bought an embroidered hat for 210 gold pieces
 29835 | Elf:1    | Noticed 100101001's ghost (adept DEEE)
 29876 | Elf:1    | Killed 100101001's ghost
 30191 | Elf:1    | Noticed an Ice Fiend
 30193 | Elf:1    | Reached skill level 20 in Shields
 30332 | Elf:1    | Found Fyal's Assorted Antiques.
 30336 | Elf:1    | Bought a scroll of identify for 70 gold pieces
 30336 | Elf:1    | Bought a scroll of enchant weapon for 262 gold pieces
 30591 | Elf:1    | Found Kilisy Tiddo's General Store.
 31211 | Elf:2    | Found a flickering gateway to a bazaar.
 31214 | Elf:2    | Noticed Aizul
 31275 | Elf:2    | Killed Aizul
 31389 | Bazaar   | Entered a bazaar
 31389 | Bazaar   | Found Wemoa's Assorted Antiques.
 31390 | Bazaar   | Found Ifriyross's Weapon Shoppe.
 31411 | Bazaar   | Found Didweim's Distillery.
 31419 | Bazaar   | Bought a potion of heal wounds for 60 gold pieces
 31426 | Bazaar   | Found Leh Ela's Armour Emporium.
 31428 | Bazaar   | Found Voduw's Armour Shop.
 31720 | Elf:2    | Found a runed gate.
 31720 | Elf:2    | Found a runed gate.
 31721 | Elf:2    | Found a runed gate.
 31783 | Elf:2    | Noticed Jorgrun
 31827 | Elf:2    | Killed Jorgrun
 32294 | Elf:2    | Reached skill level 21 in Shields
 32380 | Elf:2    | Reached XP level 17. HP: 55/154 MP: 25/25
 32995 | Elf:3    | Entered Level 3 of the Elven Halls
 33142 | Elf:3    | Noticed a Hell Sentinel
 33186 | Elf:3    | Noticed a Brimstone Fiend
 33376 | Elf:3    | Noticed a deep elf blademaster
 33408 | Elf:3    | Killed a deep elf blademaster
 33419 | Elf:3    | Reached skill level 15 in Fighting
 33421 | Elf:3    | Got a scorched turquoise ring
 33429 | Elf:3    | Got a fine chain mail
 33471 | Elf:3    | Identified the ring "Zuefos" {*Drain +Blink +Fly Int+6} (You took it off a deep elf high priest on level 3 of the Elven Halls)
 33958 | Elf:3    | Identified the +2 chain mail of Midsummer {rElec Str+2} (You took it off a deep elf blademaster on level 3 of the Elven Halls)
 34014 | Elf:3    | Noticed a deep elf blademaster
 34030 | Elf:3    | Killed a deep elf blademaster
 34199 | Elf:3    | Noticed Bai Suzhen
 34205 | Elf:3    | Noticed Roxanne
 34262 | Elf:3    | Noticed a deep elf master archer
 34285 | Elf:3    | HP: 6/156 [deep elf master archer/arrow (14)]
 34295 | Elf:3    | Noticed a deep elf master archer
 34372 | Elf:3    | Identified 2 scrolls of acquirement
 34394 | Elf:3    | Lost mutation: You are agile. (Dex +2) [potion of mutation]
 34394 | Elf:3    | Lost mutation: You have sharp toenails. [potion of mutation]
 34394 | Elf:3    | Lost mutation: Your system is resistant to poisons. (rPois) [potion of mutation]
 34394 | Elf:3    | Gained mutation: Your natural rate of healing is unusually fast. [potion of mutation]
 34394 | Elf:3    | Gained mutation: You are resistant to hostile enchantments. (MR+) [potion of mutation]
 34394 | Elf:3    | Gained mutation: You are occasionally teleported next to monsters. [potion of mutation]
 34394 | Elf:3    | Gained mutation: You have a beak for a mouth. [potion of mutation]
 34939 | Elf:3    | Reached skill level 15 in Armour
 34990 | Elf:3    | Reached skill level 22 in Shields
 35552 | Elf:3    | Banished Bai Suzhen
 35614 | Elf:3    | Killed Roxanne
 35615 | Elf:3    | Identified Roxanne's Volume of Moulding (You took it off Roxanne on level 3 of the Elven Halls)
 35794 | Elf:3    | Killed a deep elf master archer
 35834 | Elf:3    | a deep elf master archer changed into an alligator snapping turtle
 35840 | Elf:3    | Reached XP level 18. HP: 128/166 MP: 27/27
 35842 | Elf:3    | Got a crude chain mail
 35854 | Elf:3    | Identified the +3 chain mail "Yxkar" {-Tele rF+++ MR+ Str-5 Dex+4} (You found it on level 3 of the Elven Halls)
 36751 | D:14     | Found a gate to the Vaults.
 36901 | D:15     | Entered Level 15 of the Dungeon
 37164 | D:15     | Found a staircase to the Depths.
 37338 | D:15     | Found Pinok's Antique Armour Emporium.
 38089 | Snake:1  | Entered Level 1 of the Snake Pit
 38224 | Snake:1  | Found Plog's Distillery.
 38233 | Snake:1  | Bought a potion of heal wounds for 80 gold pieces
 38233 | Snake:1  | Bought a potion of curing for 48 gold pieces
 38233 | Snake:1  | Bought a potion of curing for 48 gold pieces
 38233 | Snake:1  | Bought a potion of curing for 48 gold pieces
 38233 | Snake:1  | Bought a potion of curing for 48 gold pieces
 38233 | Snake:1  | Bought a potion of might for 64 gold pieces
 38233 | Snake:1  | Bought a potion of might for 64 gold pieces
 38233 | Snake:1  | Bought a potion of berserk rage for 80 gold pieces
 38322 | Snake:1  | Noticed SteelNeuron's ghost (journeyman KoHu)
 38355 | Snake:1  | Killed SteelNeuron's ghost
 38433 | Snake:1  | Found Qozuptan's Gadget Boutique.
 38449 | Snake:1  | Found Edesitz's General Store.
 38453 | Snake:1  | Bought the +6 mace of the Postmodern Beggars {crush, rF+ rC+ rN+ Int-4 Dex+4} for 656 gold pieces
 38453 | Snake:1  | Bought a scroll of identify for 22 gold pieces
 38709 | Snake:1  | Found Hegaac's General Store.
 38714 | Snake:1  | Bought a scroll of identify for 28 gold pieces
 38714 | Snake:1  | Bought a scroll of identify for 28 gold pieces
 38714 | Snake:1  | Bought a scroll of identify for 28 gold pieces
 38945 | Snake:2  | Noticed Louise
 38955 | Snake:2  | Killed Louise
 39645 | Snake:3  | Noticed Vashnia
 39649 | Snake:3  | Noticed Asterion
 39658 | Snake:3  | Killed Asterion
 39658 | Snake:3  | Reached skill level 15 in Maces & Flails
 39684 | Snake:3  | Killed Vashnia
 40716 | Snake:4  | Entered Level 4 of the Snake Pit
 40766 | Snake:4  | Reached XP level 19. HP: 30/174 MP: 29/29
 41446 | Snake:4  | Reached skill level 15 in Invocations
 41534 | Snake:4  | Got a serpentine rune of Zot
 42552 | Shoals:2 | Reached skill level 23 in Shields
 43139 | Shoals:3 | Noticed Donald
 43151 | Shoals:3 | Killed Donald
 43513 | Shoals:3 | Found Zoxteh's Book Emporium.
 43671 | Shoals:4 | Entered Level 4 of the Shoals
 43679 | Shoals:4 | Noticed Ilsuiw
 43690 | Shoals:4 | Noticed Mara
 43725 | Shoals:4 | Reached XP level 20. HP: 107/184 MP: 27/30
 43755 | Shoals:4 | Noticed GlassEater's illusion
 43773 | Shoals:4 | Killed Mara
 43776 | Shoals:4 | Killed Ilsuiw
 43793 | Shoals:4 | Got a barnacled rune of Zot
 43958 | Shoals:4 | Got a vibrating steel ring
 44242 | Vaults:1 | Entered Level 1 of the Vaults
 44403 | Vaults:1 | Reached skill level 24 in Shields
 44959 | Vaults:1 | Identified the ring of the Pariah {rElec Str+3 SInv Stlth+} (You took it off a merfolk on level 4 of the Shoals)
 45729 | Vaults:2 | Reached skill level 10 in Dodging
 45929 | Vaults:2 | Found a flickering gateway to a bazaar.
 45952 | Bazaar   | Entered a bazaar
 45970 | Bazaar   | Found Dirunn's Armour Shoppe.
 45970 | Bazaar   | Found Urhaleurph's Gadget Emporium.
 45991 | Bazaar   | Found Rotuen's Antique Weapon Shoppe.
 46006 | Bazaar   | Found Fuleqoda's Armour Shoppe.
 46006 | Bazaar   | Found Utetzuc's Book Emporium.
 46175 | Vaults:2 | Found a staircase to the Crypt.
 46285 | Vaults:2 | Reached XP level 21. HP: 195/195 MP: 32/32
 46647 | Vaults:2 | Reached skill level 25 in Shields
 47427 | Vaults:3 | Found Peqan's Jewellery Shoppe.
 49644 | Vaults:5 | Entered Level 5 of the Vaults
 49645 | Vaults:5 | Reached XP level 22. HP: 211/211 MP: 33/33
 49685 | Vaults:5 | HP: 9/213 [azure jelly (glowing shapeshifter) (3)]
 49689 | Vaults:5 | Killed from afar by a Tzitzimitl

Vault maps used:
D:1:      tarquinn_simple_flora_water_d, minmay_fountain_box
D:2:      cheibrodos_helix_gallery, minivault_27,
          grunt_dithmenos_smoke_and_mirrors
D:4:      kennysheep_mini, first_bread, uniq_sigmund, uniq_eustachio,
          uniq_robin, uniq_natasha
D:6:      temple_green, portal_sewer_entry_d, serial_shops, shop, uniq_edmund,
          uniq_duvessa
D:7:      grunt_temple_overflow_open, serial_shops, nicolae_shop_crystal
D:8:      nicolae_overflow_crystal_walls, gammafunk_temple_overflow_pools,
          grunt_lair_entry_orc_guard_hut, grunt_livestock
D:10:     zombieorc2_lemuel, basic_altar, uniq_snorg, uniq_joseph, uniq_fannar
D:11:     hangedman_decor_clover_reticule, uniq_nergalle
D:14:     erik_vaults_1, serial_shops, shop_fountains, bh_walls_and_bars,
          uniq_josephine
D:15:     hangedman_depths_entry_civil_slaughter, serial_shops, shop,
          grunt_ministairs_5
Temple:   minmay_temple_curvy_loop
Lair:1:   uniq_grum
Lair:2:   minmay_shoals_entry_hut, grunt_megastairs_1
Lair:3:   beast_lair_carwin_large_4
Lair:4:   minmay_snake_entry_six_corridors
Lair:5:   beast_lair_carwin_large_1
Lair:6:   evil_forest, slime_altar_2, portal_ice_cave_entry_ice_beasts,
          serial_bayou_lagoon_a, worms_lemuel
Shoals:3: serial_shops, nicolae_shop_crystal, uniq_donald
Shoals:4: shoals_end_grunt_ice, shoal_ilsuiw, uniq_nikola, uniq_polyphemus,
          uniq_mara
Snake:1:  serial_shops, shop, shop, shop, shop, st_stairs_5
Snake:2:  guppyfry_library_mini, grunt_megastairs_4, uniq_louise
Snake:3:  uniq_vashnia, uniq_asterion
Snake:4:  minmay_snake_end_coiled
Orc:1:    serial_shops, shop, shop, shop
Orc:2:    st_orc_rangers, lab_entry_generic, uniq_azrael
Elf:1:    eino_elf_arrival_customs, serial_shops, shop, nicolae_shop_waterfront,
          shop, nicolae_shop_behind_doors, hangedman_elf_disciples,
          billiards_dpeg
Elf:2:    serial_shops, bzr_entry_islet, uniq_jorgrun, uniq_aizul
Elf:3:    elf_hall_gauntlet_wide, minmay_crystal_room, solitary_fountain,
          uniq_bai_suzhen, uniq_roxanne
Vaults:1: v_misc_14, vaults_room_grunt_arrival_ludios, vaults_mumra_bighexcomb,
          v_pattern_1, nicolae_vaults_little_ls, hangedman_vaults_capsules,
          nicolae_vaults_puzzle_piece, nicolae_vaults_network_periphery,
          v_misc_23, nicolae_vaults_rhombus_5, v_misc_27,
          vaults_dpeg_encased_lava, nicolae_vaults_shelves_hall
Vaults:2: v_misc_14, blue_anna_dwarven_crypt, st_star, hangedman_vaults_snaps,
          v_misc_16, nicolae_vaults_little_squares_3,
          ontoclasm_vaults_ring_small, v_misc_22, vaults_dpeg_diagonal,
          vaults_room_fancy_cross, serial_shops, bzr_entry_lakeside
Vaults:3: vaults_standard_mumra_lines, st_hourglassy, nicolae_vaults_asterisk,
          vaults_room_door_hall, nicolae_vaults_network_quinsquares, v_misc_3,
          grunt_vaults_funnel, v_misc_11, serial_shops, shop
Vaults:4: vaults_room_pools, v_misc_3, ontoclasm_vaults_chip,
          hangedman_vaults_corner_blocks, nicolae_vaults_know_your_exits,
          v_misc_23, nicolae_vaults_ring_of_whatevers, v_misc_8,
          vaults_room_door_hall, nicolae_vaults_little_squares_5,
          vaults_dpeg_hooks, ontoclasm_vaults_decontamination
Lab:      nicolae_lab_dead_adventurers, nicolae_lab_garden
Bazaar:   bazaar_kb_twisted_cavern, bazaar_short_row

Skill      XL: |  1  2  3  4  5  6  7  8  9 10 11 12 13 14 15 16 17 18 19 20 21 22 |
---------------+-------------------------------------------------------------------+-----
Maces & Flails | 3 4 5 6 7 8 10 11 12 15 16 | 16.0
Shields        | 4 5 6 7 9 11 13 15 17 19 21 22 23 24 25 | 25.0
Armour         | 4 5 7 9 10 12 13 14 15 16 17 | 17.0
Fighting       | 4 5 6 7 8 10 11 12 13 14 15 16 17 18 20 21 | 21.6
Invocations    | 1 4 6 8 9 11 12 13 14 15 16 17 | 17.5
Dodging        | 2 3 4 5 6 8 9 10 11 | 11.6

Action                   |  1- 3 |  4- 6 |  7- 9 | 10-12 | 13-15 | 16-18 | 19-21 | 22-24 || total
-------------------------+-------+-------+-------+-------+-------+-------+-------+-------++-------
Melee: Flail             |    99 |   150 |   203 |       |       |       |       |       ||   452
       Headbutt          |     9 |    29 |    98 |   338 |   627 |   677 |   568 |     9 ||  2355
       Whip              |       |       |   290 |  1228 |  2051 |  1182 |       |       ||  4751
       Eveningstar       |       |       |       |       |       |   618 |  1543 |    21 ||  2182
       Peck              |       |       |       |       |       |   181 |   540 |    10 ||   731
Invok: Upheaval          |       |       |       |     4 |    31 |    12 |     7 |       ||    54
       Disaster Area     |       |       |       |       |     1 |     3 |     5 |     7 ||    16
  Use: Potion            |       |       |     6 |     7 |    10 |    15 |     1 |     4 ||    43
       Scroll            |       |       |     5 |    12 |    12 |    22 |     6 |     5 ||    62
 Stab: Sleeping          |       |       |       |     1 |       |       |       |       ||     1
       Distracted        |       |       |       |       |       |     1 |       |       ||     1
       Petrified         |       |       |       |       |       |     3 |     1 |       ||     4
       Petrifying        |       |       |       |       |       |     4 |     7 |       ||    11
       Paralysed         |       |       |       |       |       |     5 |    14 |       ||    19
       Confused          |       |       |       |       |       |     1 |     5 |       ||     6
  Eat: Chunk             |     2 |     7 |    13 |    24 |    43 |    35 |    29 |       ||   153
       Royal jelly       |       |       |       |     1 |     1 |     2 |     1 |       ||     5
Armor: Scale mail        |    60 |    46 |    93 |    28 |    52 |   100 |       |       ||   379
       Chain mail        |       |    31 |    32 |   172 |   326 |   194 |   223 |    63 ||  1041
       Skin              |       |       |    12 |    10 |       |       |       |       ||    22
       Acid dragon scale |       |       |       |    10 |       |       |       |       ||    10
Dodge: Dodged            |    61 |    74 |   101 |   149 |   340 |   343 |   321 |    74 ||  1463
       Deflected         |       |       |       |     6 |    18 |    53 |    46 |     1 ||   124
Block: Shield            |    26 |       |    85 |   402 |  1600 |  1031 |       |       ||  3144
       Buckler           |    18 |    42 |    45 |   126 |       |       |       |       ||   231
       Large shield      |       |       |       |       |       |   316 |  1961 |   155 ||  2432
